 Dungeon Crawl Stone Soup version 0.21-a0-581-gb7d493ddfc (webtiles) character file.

5269 MrRokkomies the Quickloader (level 10, -6/67 (68) HPs)
             Began as a Kobold Hunter on Dec 19, 2017.
             Was a Priest of Makhleb.
             Mangled by a komodo dragon (12 damage)
             ... on level 1 of the Lair of Beasts.
             The game lasted 00:30:32 (9314 turns).

MrRokkomies the Quickloader (Kobold Hunter)         Turns: 9314, Time: 00:30:33

HP:   -6/67 (68)    AC: 22    Str: 18    XL:     10   Next: 94%
MP:   11/11         EV: 11    Int: 15    God:    Makhleb [***...]
Gold: 383           SH:  0    Dex: 16    Spells: 9/9 levels left

rFire    + . .     SeeInvis .   B - +0 morningstar (freeze) (curse)
rCold    . . .     Gourm    .   (shield restricted)
rNeg     . . .     Faith    .   v - +4 chain mail
rPois    .         Spirit   .   y - +2 helmet
rElec    .         Reflect  .   k - +1 cloak
rCorr    .         Harm     .   (no gloves)
MR       .....                  e - +1 pair of boots
Stlth    ..........             (no amulet)
HPRegen  0.21/turn              g - ring of protection from fire
MPRegen  0.12/turn              o - +3 ring of intelligence

@: mighty
A: small, carnivore
a: Minor Destruction, Lesser Servant of Makhleb, Renounce Religion


You were on level 1 of the Lair of Beasts.
You worshipped Makhleb.
Makhleb was most pleased with you.
You were full.

You visited 2 branches of the dungeon, and saw 9 of its levels.

You collected 383 gold pieces.

Inventory:

Hand Weapons
 a - a +1 rapier of protection
 b - a +1 arbalest
 s - a +2 falchion of holy wrath
 x - a +1 hand crossbow
 B - a cursed +0 morningstar of freezing (weapon)
 H - a +0 long sword
 J - a +2 rapier of electrocution
Missiles
 d - 25 bolts
 I - 6 curare-tipped needles
Armour
 e - a +1 pair of boots (worn)
 k - a +1 cloak (worn)
 v - a +4 chain mail (worn)
 y - a +2 helmet (worn)
Jewellery
 g - a ring of protection from fire (left hand)
 o - a +3 ring of intelligence (right hand)
Wands
 q - a wand of polymorph (18)
 u - a wand of paralysis (29)
 C - a wand of enslavement (7)
 K - a wand of disintegration (18)
Scrolls
 c - 3 scrolls of enchant armour
 i - a scroll of blinking
 A - 2 scrolls of magic mapping
 D - a scroll of fear
 L - a scroll of fog
 M - a scroll of remove curse
Potions
 h - 2 potions of heal wounds
 j - 2 potions of agility
 l - a potion of cancellation {unknown}
 m - 2 potions of curing
 n - a potion of resistance {unknown}
 p - 3 potions of brilliance
 r - 3 potions of mutation
 t - a potion of haste
 z - a potion of degeneration {unknown}
 E - a potion of berserk rage {unknown}
 F - a potion of might
Books
 w - a book of Cantrips

   Spells                             Type                      Level
   a - Confusing Touch                Hexes                        1
   b - Animate Skeleton               Necromancy                   1
   c - Summon Small Mammal            Summoning                    1
   d - Apportation                    Translocation                1
 G - a book of Flames

   Spells                             Type                      Level
   a - Flame Tongue                   Conjuration/Fire             1
   b - Throw Flame                    Conjuration/Fire             2
   c - Conjure Flame                  Conjuration/Fire             3
   d - Inner Flame                    Hexes/Fire                   3
   e - Sticky Flame                   Conjuration/Fire             4
   f - Fireball                       Conjuration/Fire             5
Comestibles
 f - 15 rations


   Skills:
 - Level 10.0 Fighting
 - Level 6.8 Short Blades
 - Level 10.0 Crossbows
 * Level 7.1 Armour
 - Level 2.4 Dodging
 - Level 1.3 Stealth
 * Level 1.7 Evocations


You had 9 spell levels left.
You didn't know any spells.

Dungeon Overview and Level Annotations

Branches:
Dungeon (8/15)             Temple (0/1) D:4            Lair (1/6) D:8

Altars:
Cheibriados
Elyvilon
Fedhas
Hepliaklqana
Makhleb
Ru
Uskayaw

Annotations:
D:6 MirrMurr's ghost, novice HaBe


Innate Abilities, Weirdness & Mutations

You are small and have problems with some larger weapons.
You are carnivorous and can eat meat at any time.


Message History

The komodo dragon bites you.
You closely miss the komodo dragon. The komodo dragon bites you!
The komodo dragon bites you!!
* * * LOW HITPOINT WARNING * * *
You sock the komodo dragon!
The komodo dragon seems to slow down.
You freeze the komodo dragon.
The komodo dragon is moderately wounded.
The komodo dragon is no longer moving slowly.
You completely miss the komodo dragon.
The komodo dragon is moderately wounded.
The komodo dragon bites you.
* * * LOW HITPOINT WARNING * * *
The komodo dragon barely misses you.
You closely miss the komodo dragon.
The komodo dragon is moderately wounded.
The komodo dragon bites you but does no damage.
You hit the komodo dragon but do no damage.
The komodo dragon is moderately wounded.
The komodo dragon bites you!
You die...

#....P# # #.....# # . # #.
######.....# #### ...
#.#.###..#.......#
...#....
................##
.>.....#
#................#
.......# #..............#
###....#. #....l##.####..#
........ +....@#### ##..#
#.#+.#.# #.....# #..##
.....#.# #.....# ##.#
.......+ #.....######..##
.....#.# ................#
.....# ..#.............##
.....#.#+###.####P.......#
.......... .. ###......#
.....#.......# #.......#


You could see a komodo dragon.

Vanquished Creatures
  2 two-headed ogres
  3 blink frogs (Lair:1)
  4 yaks (Lair:1)
  A water moccasin (D:7)
  3 ice beasts
  A sky beast (D:5)
  An orc warrior (D:7)
  A black bear (Lair:1)
  3 phantoms
  An ogre (D:4)
  A boggart (D:5)
  A necrophage (D:8)
  4 centaurs
  2 crocodiles
  A big kobold (D:8)
  3 scorpions
  4 wights (D:8)
  A howler monkey (D:8)
  3 crimson imps
  A jelly (D:7)
  A bullfrog skeleton (D:5)
  An orc wizard (D:4)
  An orc priest (D:4)
  A gnoll shaman (D:5)
  3 hounds
  4 iguanas
  A hound zombie (D:2)
  A howler monkey zombie (D:8)
  11 gnolls
  9 adders
  2 shadow imps
  An ooze (D:1)
  3 worms
  3 leopard geckos
  13 orcs
  7 giant cockroaches
  3 goblins
  9 hobgoblins
  19 jackals
  17 kobolds
  4 quokkas
  2 ball pythons
  10 bats
  9 frilled lizards
  A jackal skeleton (D:7)
  A leopard gecko skeleton (D:5)
  A leopard gecko zombie (D:5)
  13 rats
192 creatures vanquished.

Vanquished Creatures (collateral kills)
  2 gnolls (D:5)
  An orc (D:7)
3 creatures vanquished.

Vanquished Creatures (others)
  A gnoll shaman (D:5)
  2 gnolls (D:5)
3 creatures vanquished.

Grand Total: 198 creatures vanquished

Notes
Turn   | Place    | Note
-------+----------+-------------------------------------------
     0 | D:1      | MrRokkomies the Kobold Hunter began the quest for the Orb.
     0 | D:1      | Reached XP level 1. HP: 12/12 MP: 1/1
     2 | D:1      | Noticed a ghoul
     3 | D:1      | Noticed a merfolk
     5 | D:1      | Noticed a formicid
     7 | D:1      | Noticed a spriggan
     7 | D:1      | Noticed a naga
     9 | D:1      | Noticed an ogre
     9 | D:1      | Noticed a tengu
    11 | D:1      | Noticed a demigod
    11 | D:1      | Noticed a human
    13 | D:1      | Noticed a vampire
    13 | D:1      | Noticed an octopode
    15 | D:1      | Noticed a draconian
    15 | D:1      | Noticed a gargoyle
    17 | D:1      | Noticed a minotaur
    17 | D:1      | Noticed a halfling
    19 | D:1      | Noticed a centaur
    21 | D:1      | Noticed an elf
    21 | D:1      | Noticed a demonspawn
    25 | D:1      | Noticed a dwarf
    25 | D:1      | Noticed a vine stalker
    27 | D:1      | Noticed a felid
    27 | D:1      | Noticed a troll
    80 | D:1      | Reached skill level 5 in Crossbows
   136 | D:1      | Reached XP level 2. HP: 14/18 MP: 2/2
   250 | D:1      | Reached XP level 3. HP: 12/23 MP: 3/3
   254 | D:1      | HP: 1/23 [hobgoblin/club (6)]
  1453 | D:2      | Reached XP level 4. HP: 28/28 MP: 4/4
  1761 | D:2      | Found a hide-covered altar of Uskayaw.
  2214 | D:2      | Reached XP level 5. HP: 16/33 MP: 5/5
  2365 | D:3      | Reached skill level 1 in Short Blades
  2966 | D:3      | Found a hazy altar of Hepliaklqana.
  2966 | D:3      | Found a burning altar of Makhleb.
  2971 | D:3      | Became a worshipper of Makhleb the Destroyer
  3168 | D:4      | Noticed an ogre
  3179 | D:4      | Killed an ogre
  3179 | D:4      | Reached XP level 6. HP: 40/40 MP: 6/6
  3257 | D:4      | Found a staircase to the Ecumenical Temple.
  3299 | D:4      | Reached skill level 5 in Fighting
  4014 | D:5      | Entered Level 5 of the Dungeon
  4027 | D:5      | Reached XP level 7. HP: 33/44 MP: 7/7
  4180 | D:5      | Reached skill level 5 in Short Blades
  4537 | D:5      | Reached XP level 8. HP: 5/52 MP: 8/8
  4952 | D:5      | Found a white marble altar of Elyvilon.
  5641 | D:5      | Reached * piety under Makhleb
  6067 | D:6      | Found a sacrificial altar of Ru.
  6068 | D:6      | Noticed MirrMurr's ghost (novice HaBe)
  6142 | D:6      | Noticed a two-headed ogre
  6158 | D:6      | Killed a two-headed ogre
  6158 | D:6      | Reached XP level 9. HP: 50/59 MP: 9/9
  6351 | D:7      | Found a blossoming altar of Fedhas.
  6865 | D:7      | Identified a scroll of acquirement
  7064 | D:7      | Reached ** piety under Makhleb
  7425 | D:7      | Reached skill level 10 in Crossbows
  7577 | D:8      | Noticed a two-headed ogre
  7633 | D:8      | Reached skill level 5 in Armour
  7633 | D:8      | Reached XP level 10. HP: 64/64 MP: 10/10
  7653 | D:8      | Killed a two-headed ogre
  8257 | D:8      | Found a staircase to the Lair.
  8316 | D:8      | Found a snail-covered altar of Cheibriados.
  8493 | Lair:1   | Entered Level 1 of the Lair of Beasts
  8621 | Lair:1   | Reached *** piety under Makhleb
  9129 | Lair:1   | Reached skill level 10 in Fighting
  9131 | Lair:1   | Reached skill level 1 in Evocations
  9292 | Lair:1   | Noticed a komodo dragon
  9314 | Lair:1   | Mangled by a komodo dragon

Vault maps used:
D:1:      kb_arrival_jail
D:2:      marbit_many_paths
D:3:      gammafunk_temple_overflow_wave, first_ration, minmay_door_square
D:4:      minmay_temple_entry_glass
D:5:      basic_altar, roderic_nine_men_s_morris, hangedman_abyss_or_decor_slice
D:6:      lemuel_crystal_altar, nicolae_ru_great_annihilating_truth,
          grunt_ministairs_11, uniq_pikel
D:7:      fedhas_bush_and_centaur_altar
D:8:      nicolae_overflow_crystal_walls, lair_entry_dummy, grunt_ministairs_14
Lair:1:   grunt_megastairs_4

Skill      XL: |  1  2  3  4  5  6  7  8  9 10 |
---------------+-------------------------------+-----
Crossbows      | 5 6 8 10 | 10.0
Fighting       | 3 4 5 6 7 8 10 | 10.0
Short Blades   | 3 4 6 |  6.8
Armour         | 3 5 7 |  7.1
Evocations     | 1 |  1.7
Dodging        | |  2.4
Stealth        | |  1.3

Action                   |  1- 3 |  4- 6 |  7- 9 | 10-12 || total
-------------------------+-------+-------+-------+-------++-------
Melee: Short sword       |    57 |   215 |   352 |       ||   624
       Rapier            |       |       |   164 |    15 ||   179
       Morningstar       |       |       |       |   151 ||   151
 Fire: Hand crossbow     |    34 |    54 |    41 |       ||   129
       Arbalest          |       |       |    30 |    18 ||    48
Throw: Throwing net      |       |     1 |     2 |       ||     3
Evoke: Wand              |       |       |    18 |     3 ||    21
  Use: Scroll            |     5 |     4 |    10 |     3 ||    22
       Potion            |       |       |     4 |     1 ||     5
 Stab: Sleeping          |     2 |     2 |     1 |       ||     5
       Held in net/web   |       |       |     1 |       ||     1
       Paralysed         |       |       |     2 |     2 ||     4
  Eat: Chunk             |     4 |     6 |    18 |    11 ||    39
       Ration            |       |       |       |     1 ||     1
Armor: Leather armour    |    23 |    17 |    27 |       ||    67
       Ring mail         |       |    74 |       |       ||    74
       Chain mail        |       |       |   248 |   138 ||   386
       Skin              |       |       |    69 |       ||    69
Dodge: Dodged            |    50 |   186 |   229 |   105 ||   570

Table legend:
 A = Spawn XP
 B = Non-spawn XP
 C = Spawn XP percentage of total XP
 D = Spawn monster count
 E = Non-spawn monster count
 F = Spawn count percentage of total count
 G = Total turns spent on level
                    A         B        C        D         E        F      G
               +---------+---------+-------+---------+---------+-------+---------
         Total |       0 |    7528 |   0.0 |       0 |     196 |   0.0 |  9314
               +---------+---------+-------+---------+---------+-------+---------
           D:1 |       0 |      50 |   0.0 |       0 |      32 |   0.0 |   914
           D:2 |       0 |      89 |   0.0 |       0 |      27 |   0.0 |  1441
           D:3 |       0 |      56 |   0.0 |       0 |      22 |   0.0 |   812
           D:4 |       0 |     317 |   0.0 |       0 |      10 |   0.0 |   847
           D:5 |       0 |     970 |   0.0 |       0 |      24 |   0.0 |  1769
           D:6 |       0 |    1102 |   0.0 |       0 |      10 |   0.0 |   527
           D:7 |       0 |    1270 |   0.0 |       0 |      32 |   0.0 |  1256
           D:8 |       0 |    1832 |   0.0 |       0 |      30 |   0.0 |   927
        Lair:1 |       0 |    1842 |   0.0 |       0 |       9 |   0.0 |   821
               +---------+---------+-------+---------+---------+-------+---------
